 Dungeon Sprint DCSS version 0.30-a0-760-g5a9884bb7c (webtiles) character file.

Game seed: 10343590203218700082

269 sircluck the Cleaver (level 6, -13/61 HPs)
             Began as a Hill Orc Fighter on Feb 10, 2023.
             Mangled by a two-headed ogre
             ... wielding a +0 giant spiked club
              (31 damage)
             ... in the Dungeon (Sprint IX: "|||||||||||||||||||||||||||||").
             The game lasted 00:01:12 (209 turns).

sircluck the Cleaver (Hill Orc Fighter)              Turns: 209, Time: 00:01:12

Health: -13/61     AC: 10    Str: 23    XL:     6   Next: 22%
Magic:  6/6        EV: 10    Int:  8    God:
Gold:   0          SH:  6    Dex: 13    Spells: 5/5 levels left

rFire   . . .      SeeInvis .    n - +1 broad axe of the Foremost Suns {elec, Str+2}
rCold   . . .      Faith    .    c - +0 buckler
rNeg    . . .      Spirit   .    p - +1 scale mail
rPois   .          Reflect  .    (no helmet)
rElec   .          Harm     .    (no cloak)
rCorr   .          Rampage  .    (no gloves)
Will    .....      NoTele   +    (no boots) Stlth
                                 (no amulet)
HPRegen 0.30/turn                r - +3 ring of dexterity
MPRegen 0.10/turn                q - +2 ring of protection

@: no status effects
A: no striking features
a: no special abilities


You were in the Dungeon.
You visited 1 branch

Inventory:

Hand Weapons
 a - a +0 war axe
 n - the +1 broad axe of the Foremost Suns (weapon) {elec, Str+2}
   (You found it in the Dungeon)

   Str:       It affects your strength (+2).
Armour
 b - a +0 scale mail
 c - a +0 buckler (worn)
 o - a +0 cloak
 p - a +1 scale mail (worn)
Jewellery
 q - a +2 ring of protection (right hand)
 r - a +3 ring of dexterity (left hand)
Wands
 m - a wand of quicksilver (9)
Scrolls
 j - 2 scrolls of blinking
 l - 2 scrolls of amnesia
Potions
 d - a potion of might
 e - 5 potions of curing
 f - 3 potions of heal wounds
 g - a potion of haste
 h - 4 potions of magic
 i - a potion of berserk rage
 k - a potion of invisibility


   Skills:
 + Level 8.1 Fighting
 + Level 9.3 Axes
 + Level 7.2 Armour
 + Level 1.2 Dodging
 + Level 7.1 Shields


You had 5 spell levels left.
You didn't know any spells.
Your spell library was empty.

Dungeon Overview and Level Annotations

Branches:
Dungeon (1/1)

Altars:
Cheibriados
Dithmenos
Elyvilon
Fedhas
Gozag
Hepliaklqana
Kikubaaqudgha
Makhleb
Nemelex Xobeh
Okawaru
Qazlal
Ru
Sif Muna
Trog
Uskayaw
Vehumet
Wu Jian
Xom
Yredelemnul
Zin
The Shining One
Beogh
Jiyva
Lugonu


Message History

You finish taking off your +0 scale mail.
You start putting on your armour.
You continue putting on your +1 scale mail. x5
You finish putting on your +1 scale mail.
You open the door.
An orc warrior, a centaur, a two-headed ogre, a hornet, a troll and a killer bee come into view.
The orc warrior shouts!
The centaur shouts!
The two-headed ogre shouts in stereo!
The hornet buzzes angrily.
The troll shouts!
The orc warrior barely misses you.
Aiming: Quicksilver Bolt
Press: ? - help, Q - select action Shift-Dir - straight line, f - orc warrior
Aim: an orc warrior, wielding a +0 halberd and wearing a +0 plate armour (71% to hit)
The bolt of dispelling energy hits the orc warrior!
The orc warrior is heavily wounded.
The bolt of dispelling energy hits the two-headed ogre!
The two-headed ogre is moderately wounded.
The bolt of dispelling energy hits the centaur!
The centaur is severely wounded.
The bolt of dispelling energy hits the hornet!
The hornet is heavily wounded.
The bolt of dispelling energy misses the troll.
The bolt of dispelling energy hits the killer bee!
The killer bee is almost dead.
You block the orc warrior's attack.
There is an open door to the Dungeon here.
You slash the two-headed ogre!
The two-headed ogre is heavily wounded.
The orc warrior barely misses you.
You slash the two-headed ogre!
The two-headed ogre is severely wounded.
The two-headed ogre hits you with a +0 giant spiked club!!
You block the two-headed ogre's attack. The orc warrior closely misses you.
The orc warrior hits you from afar with a +0 halberd!
* * * LOW HITPOINT WARNING * * *
You slash the two-headed ogre!
The two-headed ogre is almost dead.
The two-headed ogre hits you with a +0 giant spiked club!!
Ouch! That really hurt!
You die... ▓▓▓▓▓▓▓▓▓▓▓▓▓▓▓▓▓▓▓▓▓▓▓▓ ______'..)..[...@OocyTy+ ▓▓▓▓▓▓▓▓▓▓▓▓▓▓▓▓▓▓▓▓▓▓▓▓

You could see a two-headed ogre, a troll, a hornet, an orc warrior, a centaur and a killer bee.

Vanquished Creatures
  An ice beast (D)
  An ogre (D)
  A phantom (D)
  2 adders (D)
  A ball python (D)
  A hobgoblin (D)
  A jackal (D)
  A quokka (D)
  A bat (D)
10 creatures vanquished.

Notes
Turn   | Place    | Note
-------+----------+-------------------------------------------
     0 | D        | sircluck the Hill Orc Fighter began the quest for the Orb.
     0 | D        | Reached XP level 1. HP: 19/19 MP: 1/1
    12 | D        | Reached skill level 3 in Axes
    24 | D        | Noticed an ogre
    24 | D        | Noticed a phantom
    24 | D        | Noticed an ice beast
    31 | D        | Killed an ogre
    32 | D        | Reached skill level 6 in Axes
    32 | D        | Reached skill level 5 in Armour
    32 | D        | Reached skill level 5 in Shields
    32 | D        | Reached XP level 2. HP: 25/31 MP: 2/2
    32 | D        | Reached XP level 3. HP: 30/38 MP: 3/3
    32 | D        | Reached XP level 4. HP: 36/45 MP: 4/4
    46 | D        | Killed a phantom
    47 | D        | Reached skill level 7 in Axes
    47 | D        | Reached XP level 5. HP: 40/52 MP: 5/5
    59 | D        | Killed an ice beast
    60 | D        | Reached skill level 9 in Axes
    60 | D        | Reached skill level 1 in Dodging
    60 | D        | Reached XP level 6. HP: 42/61 MP: 6/6
   144 | D        | Found a roughly hewn altar of Beogh.
   144 | D        | Found a snail-covered altar of Cheibriados.
   144 | D        | Found a shadowy altar of Dithmenos.
   144 | D        | Found a white marble altar of Elyvilon.
   144 | D        | Found a blossoming altar of Fedhas.
   144 | D        | Found an opulent altar of Gozag.
   145 | D        | Found a hazy altar of Hepliaklqana.
   146 | D        | Found a viscous altar of Jiyva.
   147 | D        | Found an ancient bone altar of Kikubaaqudgha.
   148 | D        | Found a corrupted altar of Lugonu.
   149 | D        | Found a burning altar of Makhleb.
   150 | D        | Found a sparkling altar of Nemelex Xobeh.
   151 | D        | Found an iron altar of Okawaru.
   152 | D        | Found a stormy altar of Qazlal.
   153 | D        | Found a sacrificial altar of Ru.
   154 | D        | Found a shimmering blue altar of Sif Muna.
   155 | D        | Found a bloodstained altar of Trog.
   156 | D        | Found a hide-covered altar of Uskayaw.
   159 | D        | Found a radiant altar of Vehumet.
   160 | D        | Found an ornate altar of the Wu Jian Council.
   161 | D        | Found a shimmering altar of Xom.
   162 | D        | Found a basalt altar of Yredelemnul.
   163 | D        | Found a glowing silver altar of Zin.
   164 | D        | Found a glowing golden altar of the Shining One.
   180 | D        | Got the +1 broad axe of the Foremost Suns {elec, Str+2}
   204 | D        | Noticed an orc warrior
   204 | D        | Noticed a two-headed ogre
   204 | D        | Noticed a hornet
   204 | D        | Noticed a troll
   209 | D        | Mangled by a two-headed ogre

Illustrated notes

Levels and vault maps discovered:
D:        linesprint [early_d, line_temple, items_1, d_10, items_2, lair_1,
          lair_end, items_3, orc_1, orc_end, items_4, d_15, swamp_1, shoals_1,
          snake_1, spider_1, d_20, vaults_1, items_5, swamp_end, shoals_end,
          snake_end, spider_end, vaults_end, d_27, items_6, zot_1, zot_end,
          crypt_end, forest_end, elf_end, slime_end, tomb_end, abyss_end,
          pan_hell_end]

Skill      XL: |  1  2  3  4  5 |
---------------+----------------+-----
Fighting       | 6 7 8 |  8.1
Axes           | 6 7 9 |  9.3
Armour         | 5 6 7 |  7.2
Shields        | 5 6 7 |  7.1
Dodging        | 1 |  1.2

Action                     |  1- 3 |  4- 6 || total
---------------------------+-------+-------++-------
  Melee: War axe           |    21 |    32 ||    53
         Broad axe         |       |     3 ||     3
  Evoke: Wand              |       |     1 ||     1
 Armour: Scale mail        |     9 |    14 ||    23
  Dodge: Dodged            |    12 |    12 ||    24
  Block: Buckler           |     6 |     7 ||    13

Table legend: (Time is in decaauts)
 A = Elapsed time spent in this place.
 B = Non-inter-level travel time spent in this place.
 C = Inter-level travel time spent in this place.
 D = Time resting spent in this place.
 E = Time spent auto-exploring this place.
 F = Levels seen in this place.
 G = Mean time per level.
                   A        B        C        D        E       F      G
               +--------+--------+--------+--------+--------+-----+--------+
         Total |    222 |    222 |      0 |      0 |     80 |   1 |  222.0 |
       Dungeon |    222 |    222 |      0 |      0 |     80 |   1 |  222.0 |
               +--------+--------+--------+--------+--------+-----+--------+

Top non-repeatable levels by time:
       D: 222 daAuts
